 Dungeon Crawl Stone Soup version 0.21.0-24-g2553a3340b (webtiles) character file.

492 Krosko the Fighter (level 7, -12/50 HPs)
             Began as a Gargoyle Fighter on Jan 20, 2018.
             Mangled by an ogre
             ... wielding a +0 giant spiked club
              (22 damage)
             ... on level 4 of the Dungeon.
             The game lasted 00:34:44 (3660 turns).

Krosko the Fighter (Gargoyle Fighter)               Turns: 3660, Time: 00:34:45

Health: -12/50     AC: 12    Str: 21    XL:     7   Next: 14%
Magic:  7/7        EV:  7    Int:  9    God:
Gold:   267        SH:  9    Dex:  9    Spells: 6/6 levels left

rFire    . . .     SeeInvis .   a - +0 flail
rCold    . . .     Gourm    .   c - +0 shield
rNeg     + . .     Faith    .   b - +0 scale mail
rPois    ∞         Spirit   .   (no helmet)
rElec    +         Reflect  .   (no cloak)
rCorr    .         Harm     .   h - +0 pair of gloves
MR       .....                  (no boots)
Stlth    ..........             (no amulet)
HPRegen  0.16/turn              (no ring)
MPRegen  0.10/turn              (no ring)

@: about to teleport
A: negative energy resistance 1, electricity resistance, unbreathing,
petrification resistance, rot immunity, AC +4
a: no special abilities


You were on level 4 of the Dungeon.
You were not hungry.

You visited 1 branch of the dungeon, and saw 5 of its levels.

You collected 267 gold pieces.

Inventory:

Hand Weapons
 a - a +0 flail (weapon)
Armour
 b - a +0 scale mail (worn)
 c - a +0 shield (worn)
 h - a +0 pair of gloves (worn)
Wands
 g - a wand of digging (7)
Scrolls
 e - a scroll of fear
 j - 2 scrolls of magic mapping
 k - a scroll of amnesia {unknown}
 l - a scroll of enchant armour {unknown}
 m - a scroll of identify
 p - a scroll of enchant weapon {unknown}
 r - a scroll of fog
 s - a scroll of immolation {unknown}
Potions
 d - a potion of might
 i - a potion of degeneration {unknown}
 n - a potion of agility {unknown}
 o - 2 potions of flight {unknown}
 q - a potion of haste
Comestibles
 f - 4 chunks of flesh


   Skills:
 * Level 8.7 Fighting
 - Level 2.0 Maces & Flails
 - Level 3.2 Armour
 - Level 3.2 Shields


You had 6 spell levels left.
You didn't know any spells.

Dungeon Overview and Level Annotations

Branches:
Dungeon (5/15)
 Temple: D:4-7

Altars:
Cheibriados
Gozag

Annotations:
D:4 Dowan, Duvessa, Natasha
D:5 Sigmund


Innate Abilities, Weirdness & Mutations

You are resistant to torment.
Your stone body is resilient. (AC +4)
You are immune to poison.
You resist negative energy. (rN+)
You are resistant to electric shocks. (rElec)
You can survive without breathing.
You are immune to petrification.
You are immune to rotting.


Message History

You block Natasha's attack.
Found 13 poisoned needles.
Your scale mail prevents you from hitting Natasha.
Duvessa hits you with a short sword. Natasha barely misses you.
You miss Natasha. Natasha claws you. Duvessa hits you but does no damage.
You closely miss Natasha. You block Natasha's attack.
You block Duvessa's attack.
Dowan zaps a wand.
You resist with some effort. Natasha claws you but does no damage.
You barely miss Natasha. Duvessa hits you but does no damage.
Natasha barely misses you. Duvessa hits you with a short sword.
* * * LOW HITPOINT WARNING * * *
Okay, then.
Natasha hisses.
Natasha claws you.
* * * LOW HITPOINT WARNING * * *
Duvessa says, "When magic and the sword combine, nothing stands against them."
As you read the scroll of teleportation, it crumbles to dust.
You feel strangely unstable. Natasha claws you but does no damage.
The ogre hits you with a giant spiked club!!
You die...

....# #...§...# .#.##
#.#####.# ...# ##
#>......###### ..## #(#
####..#.........# ..#
#.##.......#..####.# ..#
#.#.##...##..#### ..# #
##.ee...........# ..#
.###.#O####.##.###.#
..########..#..h@# #.##.#
#
......................!#.#
.e.......#.#..##.#.....#.#
....e..................#.#
.........#.......#.....#O.
.%.####>##.##..........#..
......).......#### ####
..########J#### ... #.#


You could see Duvessa, an ogre, Dowan and Natasha.

Vanquished Creatures
  Menkaure (D:4)
  A centaur (D:5)
  2 howler monkeys (D:5)
  An orc priest (D:3)
  An orc wizard (D:3)
  Natasha (D:4)
  A hound skeleton (D:2)
  4 adders
  An ooze (D:4)
  A worm (D:3)
  2 dart slugs (D:1)
  3 leopard geckos
  5 orcs
  5 ball pythons
  9 bats
  2 giant cockroaches
  8 hobgoblins
  3 jackals (D:2)
  A quokka (D:3)
  3 frilled lizards
  11 goblins
  2 kobolds (D:3)
  9 rats
77 creatures vanquished.

Notes
Turn   | Place    | Note
-------+----------+-------------------------------------------
     0 | D:1      | Krosko the Gargoyle Fighter began the quest for the Orb.
     0 | D:1      | Reached XP level 1. HP: 14/14 MP: 1/1
   110 | D:1      | Reached XP level 2. HP: 18/20 MP: 2/2
   141 | D:1      | Reached skill level 4 in Fighting
   293 | D:1      | You fall through a shaft!
   409 | D:1      | Reached XP level 3. HP: 24/24 MP: 3/3
  1437 | D:2      | Reached skill level 5 in Fighting
  1650 | D:3      | Reached XP level 4. HP: 31/31 MP: 4/4
  2092 | D:3      | Reached skill level 6 in Fighting
  2092 | D:3      | Reached XP level 5. HP: 15/36 MP: 5/5
  2934 | D:3      | Found an opulent altar of Gozag.
  2934 | D:3      | Found a snail-covered altar of Cheibriados.
  3061 | D:4      | Noticed Menkaure
  3064 | D:4      | Noticed an ogre
  3086 | D:4      | Killed Menkaure
  3086 | D:4      | Reached skill level 7 in Fighting
  3086 | D:4      | Reached XP level 6. HP: 19/44 MP: 6/6
  3268 | D:4      | Noticed Natasha
  3273 | D:4      | Killed Natasha
  3312 | D:4      | Noticed Duvessa
  3313 | D:4      | Noticed Dowan
  3402 | D:5      | Entered Level 5 of the Dungeon
  3420 | D:5      | Reached skill level 8 in Fighting
  3430 | D:5      | Reached XP level 7. HP: 28/50 MP: 7/7
  3609 | D:5      | Noticed Sigmund
  3652 | D:4      | Noticed Natasha
  3660 | D:4      | Mangled by an ogre

Skill      XL: |  1  2  3  4  5  6 |
---------------+-------------------+-----
Fighting       | 4 5 6 7 8 |  8.7
Maces & Flails | |  2.0
Armour         | |  3.2
Shields        | |  3.2

Action                   |  1- 3 |  4- 6 |  7- 9 || total
-------------------------+-------+-------+-------++-------
Melee: Flail             |   130 |   134 |    27 ||   291
       Unarmed           |       |     6 |       ||     6
  Use: Scroll            |       |     7 |     1 ||     8
  Eat: Chunk             |     2 |     3 |     1 ||     6
       Ration            |       |     1 |       ||     1
Armor: Scale mail        |    71 |   108 |    27 ||   206
Dodge: Dodged            |    50 |    73 |     7 ||   130
Block: Shield            |    65 |    84 |    19 ||   168
